 Dungeon Crawl Stone Soup version 0.26-a0-610-g3e9335bbc7 (webtiles) character file.

Game seed: 16767610941156593331

848 bauhaus the Chiller (level 8, -13/67 HPs)
             Began as an Ogre Ice Elementalist on Sept 3, 2020.
             Mangled by a wraith (15 damage)
             ... on level 6 of the Dungeon.
             The game lasted 00:09:45 (7028 turns).

bauhaus the Chiller (Ogre Ice Elementalist)         Turns: 7028, Time: 00:09:45

Health: -13/67     AC:  4    Str: 13    XL:     8   Next: 1%
Magic:  1/15       EV: 10    Int: 18    God:
Gold:   182        SH:  0    Dex:  9    Spells: 2/17 levels left

rFire    . . .     SeeInvis .   g - +1 short sword (holy)
rCold    . . .     Faith    .   (no shield)
rNeg     + . .     Spirit   .   a - +0 robe
rPois    .         Reflect  .   (helmet restricted)
rElec    .         Harm     .   d - +0 cloak
rCorr    .                      (gloves unavailable)
MR       .....                  (boots unavailable)
Stlth    +.........             (no amulet)
HPRegen  0.21/turn              s - ring of positive energy
MPRegen  0.14/turn              (no ring)

@: frozen ramparts
A: large, unfitting armour, tough skin 1
a: no special abilities


You were on level 6 of the Dungeon.
You visited 2 branches of the dungeon, and saw 7 of its levels.

You collected 182 gold pieces.

Inventory:

Hand Weapons
 g - a +1 short sword of holy wrath (weapon)
Missiles
 i - 6 boomerangs (quivered)
 q - 6 poisoned darts
 r - 7 silver javelins
Armour
 a - a +0 robe (worn)
 d - a +0 cloak (worn)
Jewellery
 s - a ring of positive energy (left hand)
Scrolls
 e - 2 scrolls of immolation {unknown}
 f - 6 scrolls of identify
 j - a scroll of enchant armour {unknown}
 l - a scroll of enchant weapon {unknown}
 t - a scroll of fog {unknown}
 u - 2 scrolls of teleportation
 v - a scroll of brand weapon {unknown}
Potions
 b - 2 potions of stabbing {unknown}
 c - 5 potions of curing {unknown}
 h - a potion of haste {unknown}
 k - a potion of invisibility {unknown}
 m - a potion of cancellation {unknown}
 n - 2 potions of lignification {unknown}
 o - 2 potions of ambrosia {unknown}
 p - a potion of flight {unknown}


   Skills:
 - Level 1.7 Dodging
 - Level 1.4 Stealth
 - Level 5.1 Spellcasting
 - Level 1.3 Summonings
 - Level 1.5 Transmutations
 + Level 7.5 Ice Magic


You had 2 spell levels left.
You knew the following spells:

 Your Spells              Type           Power        Failure   Level
a - Freeze                Ice            ####         1%          1
b - Frozen Ramparts       Ice            ####..       1%          3
c - Ozocubu's Armour      Ice            ####....     1%          3
d - Summon Ice Beast      Ice/Summ       ###.....     22%         4
e - Ice Form              Ice/Tmut       ###.....     21%         4

Your spell library contained the following spells:

 Spells                   Type           Power        Failure   Level
 Beastly Appendage        Tmut           ##....       7%          1
 Wereblood                Tmut           ##......     11%         2
 Spider Form              Tmut/Pois      #.........   28%         3
 Hailstorm                Conj/Ice       ###.....     28%         4
 Blade Hands              Tmut           ##........   89%         5


Dungeon Overview and Level Annotations

Branches:
Dungeon (6/15)             Temple (1/1) D:5

Altars:
Cheibriados
Dithmenos
Elyvilon
Fedhas
Gozag
Kikubaaqudgha
Qazlal
Ru
Sif Muna
Trog
Uskayaw
Vehumet
Wu Jian
Xom
Zin
The Shining One


Innate Abilities, Weirdness & Mutations

You are too large for most types of armour.
You have tough skin. (AC +1)


Message History

The wyvern skeleton bites you!
The wall freezes the orc priest!
The orc priest mumbles some strange prayers to Beogh against you.
Beogh smites you!
The wraith resists.
The wall freezes the wraith.
The wraith hits you!
* * * LOW HITPOINT WARNING * * *
Your ice beast hits the wyvern skeleton.
Your ice beast freezes the wyvern skeleton.
The wyvern skeleton resists.
Your ice beast hits the wraith.
Your ice beast freezes the wraith.
The wraith resists.
The wyvern skeleton resists.
The wall freezes the wyvern skeleton.
The wyvern skeleton bites you.
* * * LOW HITPOINT WARNING * * *
Unknown command.
Okay, then.
Okay, then.
You swap places.
The wall freezes the orc priest.
You kill the orc priest!
You have reached level 8!
The wraith resists.
The wall freezes the wraith.
The wraith hits you!
You die...

#..... #....#
#....# #....#
#...o##
#.....
#...)########
#....W@.....#
#..YZY#####.#
###.#.### #.#
#.#.#<# #.#
#.#.#.###.#
#.#.#.....#
#.#.#######
#.#.. ###


You could see a wraith, a wyvern skeleton and 2 friendly ice beasts.

Vanquished Creatures
  2 ice beasts (D:5)
  A centaur (D:5)
  A quasit (D:3)
  A centaur skeleton (D:4)
  2 orc priests
  A bullfrog skeleton (D:4)
  A hound (D:5)
  An orc wizard (D:3)
  7 worker ants
  A hound skeleton (D:4)
  5 adders
  A white imp (D:3)
  3 oozes
  3 adder skeletons (D:4)
  An adder zombie (D:4)
  5 worms
  A dart slug (D:1)
  6 leopard geckos
  14 orcs
  10 bats
  9 giant cockroaches
  8 hobgoblins
  2 jackals (D:2)
  3 quokkas
  2 ball pythons
  9 frilled lizards
  7 goblins
  3 kobolds
  A quokka skeleton (D:5)
  11 rats
122 creatures vanquished.

Notes
Turn   | Place    | Note
-------+----------+-------------------------------------------
     0 | D:1      | bauhaus the Ogre Ice Elementalist began the quest for the
                  | Orb.
     0 | D:1      | Reached XP level 1. HP: 16/16 MP: 3/3
   166 | D:1      | Reached skill level 4 in Ice Magic
   166 | D:1      | Reached XP level 2. HP: 24/24 MP: 3/5
   767 | D:1      | Reached XP level 3. HP: 31/31 MP: 6/6
  1678 | D:2      | Found a radiant altar of Vehumet.
  1948 | D:2      | Learned a level 3 spell: Frozen Ramparts
  2133 | D:2      | Reached skill level 5 in Ice Magic
  2133 | D:2      | Reached XP level 4. HP: 39/39 MP: 7/7
  2386 | D:3      | Learned a level 3 spell: Ozocubu's Armour
  2664 | D:3      | Reached XP level 5. HP: 22/45 MP: 2/8
  3107 | D:3      | Found a stormy altar of Qazlal.
  3128 | D:3      | Reached skill level 6 in Ice Magic
  4236 | D:4      | Reached XP level 6. HP: 49/53 MP: 5/11
  4246 | D:4      | Learned a level 4 spell: Summon Ice Beast
  4853 | D:4      | Reached skill level 1 in Summonings
  5060 | D:4      | Reached XP level 7. HP: 38/59 MP: 6/14
  5369 | D:4      | Reached skill level 5 in Spellcasting
  5587 | D:4      | Learned a level 4 spell: Ice Form
  5665 | D:5      | Entered Level 5 of the Dungeon
  5694 | D:5      | Reached skill level 1 in Transmutations
  5696 | D:5      | Found a staircase to the Ecumenical Temple.
  5705 | Temple   | Entered the Ecumenical Temple
  6291 | D:5      | Found a glowing golden altar of the Shining One.
  6693 | D:5      | Reached skill level 7 in Ice Magic
  7017 | D:6      | Noticed a wraith
  7027 | D:6      | HP: 2/59 [wyvern skeleton (6)]
  7028 | D:6      | Reached XP level 8. HP: 2/67 MP: 1/15
  7028 | D:6      | Mangled by a wraith

Illustrated notes

Levels and vault maps discovered:
D:1:      dpeg_arrival_fog, layout_loops_cross, corexii_corridor_pit
D:2:      layout_basic, fiery_altar_vehumet, minivault_11
D:3:      layout_basic, lemuel_doored_altar, kennysheep_crisscross
D:4:      kennysheep_spiral_hall, layout_rooms
D:5:      layout_basic, nicolae_tso_swordbearing_angel,
          minmay_temple_entry_proselytizer
D:6:      layout_basic, nicolae_overflow_hidden_temple, marbit_many_paths,
          uniq_edmund
Temple:   oiseaux_autumnal_temple

Skill      XL: |  1  2  3  4  5  6  7 |
---------------+----------------------+-----
Ice Magic      | 4 5 6 7 |  7.5
Spellcasting   | 3 4 5 |  5.1
Summonings     | 1 |  1.3
Transmutations | 1 |  1.5
Dodging        | |  1.7
Stealth        | |  1.4

Action                   |  1- 3 |  4- 6 |  7- 9 || total
-------------------------+-------+-------+-------++-------
Melee: Unarmed           |     3 |       |    34 ||    37
       Short sword       |   133 |   167 |    60 ||   360
 Cast: Freeze            |    21 |     1 |       ||    22
       Frozen Ramparts   |       |    14 |     7 ||    21
       Ozocubu's Armour  |       |     1 |     4 ||     5
       Summon Ice Beast  |       |       |     2 ||     2
       Ice Form          |       |       |     2 ||     2
  Use: Scroll            |     4 |     1 |       ||     5
 Stab: Sleeping          |     4 |     3 |     1 ||     8
Armor: Robe              |    61 |    70 |    16 ||   147
       Skin              |       |       |    21 ||    21
Dodge: Dodged            |    92 |   107 |    46 ||   245

Table legend: (Time is in decaauts)
 A = Elapsed time spent in this place.
 B = Non-inter-level travel time spent in this place.
 C = Inter-level travel time spent in this place.
 D = Time resting spent in this place.
 E = Time spent auto-exploring this place.
 F = Levels seen in this place.
 G = Mean time per level.
                   A        B        C        D        E       F      G
               +--------+--------+--------+--------+--------+-----+--------+
         Total |   7071 |   6855 |    216 |   1131 |   4738 |   7 | 1010.1 |
       Dungeon |   6793 |   6605 |    188 |   1131 |   4489 |   6 | 1132.2 |
        Temple |    278 |    250 |     28 |      0 |    249 |   1 |  278.0 |
               +--------+--------+--------+--------+--------+-----+--------+

Top non-repeatable levels by time:
     D:3: 1883 daAuts
     D:4: 1444 daAuts
     D:1: 1261 daAuts
     D:2: 1106 daAuts
     D:5: 1071 daAuts
  Temple: 278 daAuts
     D:6: 25 daAuts
